 Dungeon Crawl Stone Soup version 0.22-a0-159-g7ce444fdad (webtiles) character file.

28 RedPan the Charmwright (level 3, -3/31 HPs)
             Began as a Gnoll Skald on Feb 9, 2018.
             Slain by Natasha (9 damage)
             ... on level 2 of the Dungeon.
             The game lasted 00:01:39 (585 turns).

RedPan the Charmwright (Gnoll Skald)                 Turns: 585, Time: 00:01:40

Health: -3/31      AC:  3    Str: 13    XL:     3   Next: 12%
Magic:  7/9        EV: 14    Int: 16    God:
Gold:   138        SH:  0    Dex: 14    Spells: 11/12 levels left

rFire    . . .     SeeInvis .   a - +0 falchion
rCold    . . .     Gourm    .   (no shield)
rNeg     . . .     Faith    .   b - +0 leather armour
rPois    .         Spirit   .   (no helmet)
rElec    .         Reflect  .   (no cloak)
rCorr    .         Harm     .   (no gloves)
MR       .....                  (no boots)
Stlth    +.........             (no amulet)
HPRegen  0.10/turn              (no ring)
MPRegen  0.11/turn              (no ring)

@: lethally poisoned (-3 -> -10), infused, slowed, very slow
A: distributed training, fangs 1, strong nose
a: no special abilities


You were on level 2 of the Dungeon.
You were not hungry.

You visited 1 branch of the dungeon, and saw 2 of its levels.

You collected 138 gold pieces.

Inventory:

Hand Weapons
 a - a +0 falchion (weapon)
Armour
 b - a +0 leather armour (worn)
Scrolls
 e - a scroll of noise {unknown}
 f - 2 scrolls of identify {unknown}
 g - 2 scrolls of enchant armour {unknown}
 h - 4 scrolls of remove curse {unknown}
 i - a scroll of magic mapping {unknown}
 k - a scroll of amnesia {unknown}
 m - a scroll of enchant weapon {unknown}
Potions
 j - 2 potions of might {unknown}
 l - a potion of heal wounds {unknown}
Books
 c - a book of Battle

   Spells                             Type                      Level
   a - Infusion                       Charms                       1
   b - Shroud of Golubria             Charms/Translocation         2
   c - Song of Slaying                Charms                       2
   d - Spectral Weapon                Hexes/Charms                 3
   e - Regeneration                   Charms/Necromancy            3
Comestibles
 d - 3 rations


   Skills:
 + Level 4.5 Fighting
 + Level 0.6 Short Blades
 + Level 4.5 Long Blades
 + Level 0.6 Axes
 + Level 0.6 Maces & Flails
 + Level 0.6 Polearms
 + Level 0.6 Staves
 + Level 0.6 Slings
 + Level 0.6 Bows
 + Level 0.6 Crossbows
 + Level 0.6 Throwing
 + Level 2.5 Armour
 + Level 4.5 Dodging
 + Level 0.6 Stealth
 + Level 0.6 Shields
 + Level 0.6 Unarmed Combat
 + Level 5.0 Spellcasting
 + Level 0.4 Conjurations
 + Level 0.4 Hexes
 + Level 5.4 Charms
 + Level 0.4 Summonings
 + Level 0.4 Necromancy
 + Level 0.4 Translocations
 + Level 0.4 Transmutations
 + Level 0.4 Fire Magic
 + Level 0.4 Ice Magic
 + Level 0.4 Air Magic
 + Level 0.4 Earth Magic
 + Level 0.4 Poison Magic
 + Level 0.8 Invocations
 + Level 0.6 Evocations


You had 11 spell levels left.
You knew the following spells:

 Your Spells              Type           Power        Failure   Level  Hunger
a - Infusion              Chrm           ###.         1%          1    None


Dungeon Overview and Level Annotations

Branches:
Dungeon (2/15)

Altars:

Annotations:
D:2 Natasha


Innate Abilities, Weirdness & Mutations

Your experience applies equally to all skills.
You have very sharp teeth.
Your uncanny sense of smell can sniff out nearby items.


Message History

Your bite misses the adder.
The adder is severely wounded.
Natasha casts a spell.
The adder bites you.
You are more poisoned.
The adder poisons you! Natasha claws you.
* * * LOW HITPOINT WARNING * * *
You are too injured to fight recklessly!
You barely miss the adder.
The adder is severely wounded.
* * * LOW HITPOINT WARNING * * *
You feel sick. The adder closely misses you. Natasha completely misses you.
The adder barely misses you. Natasha claws you but does no damage.
You miss the adder. You bite the adder, but do no damage.
The adder is severely wounded.
* * * LOW HITPOINT WARNING * * *
You feel sick. The adder misses you.
The shadow imp hits you but does no damage.
The adder closely misses you. Natasha claws you!
You die...

...............
........)......
............... ..#
#............# ####..#
.............# ......#
#.............# .##...#
#......S5.....# ......#
#......h@.#∆..#
###...###...#####.#...#.
..#.......# #............
#.........###............
.........................
.........................
.........................
.......................##
....................###.


You could see Natasha, an adder and a shadow imp.

Vanquished Creatures
  A gnoll (D:1)
  A giant cockroach (D:1)
  2 goblins (D:1)
  3 hobgoblins
  2 kobolds (D:1)
  5 bats
  3 frilled lizards
  2 rats
19 creatures vanquished.

Notes
Turn   | Place    | Note
-------+----------+-------------------------------------------
     0 | D:1      | RedPan the Gnoll Skald began the quest for the Orb.
     0 | D:1      | Reached XP level 1. HP: 20/20 MP: 6/6
    80 | D:1      | Reached XP level 2. HP: 20/26 MP: 7/7
   270 | D:1      | You fall through a shaft!
   468 | D:2      | Reached XP level 3. HP: 31/31 MP: 9/9
   548 | D:2      | Reached skill level 5 in Spellcasting
   575 | D:2      | Noticed Natasha
   585 | D:2      | Slain by Natasha

Vault maps used:
D:1:      dpeg_arrival_short_road, minmay_heptomino_h4
D:2:      lemuel_zombie_altar_kikubaaqudgha, minmay_guardbox, uniq_natasha

Skill      XL: |  1  2  3 |
---------------+----------+-----
Spellcasting   | 5 |  5.0
Fighting       | |  4.5
Short Blades   | |  0.6
Long Blades    | |  4.5
Axes           | |  0.6
Maces & Flails | |  0.6
Polearms       | |  0.6
Staves         | |  0.6
Slings         | |  0.6
Bows           | |  0.6
Crossbows      | |  0.6
Throwing       | |  0.6
Armour         | |  2.5
Dodging        | |  4.5
Stealth        | |  0.6
Shields        | |  0.6
Unarmed Combat | |  0.6
Conjurations   | |  0.4
Hexes          | |  0.4
Charms         | |  5.4
Summonings     | |  0.4
Necromancy     | |  0.4
Translocations | |  0.4
Transmutations | |  0.4
Fire Magic     | |  0.4
Ice Magic      | |  0.4
Air Magic      | |  0.4
Earth Magic    | |  0.4
Poison Magic   | |  0.4
Invocations    | |  0.8
Evocations     | |  0.6

Action                   || total
-------------------------++-------
Melee: Falchion          ||    49
       Bite              ||     5
 Cast: Infusion          ||     1
 Stab: Sleeping          ||     1
Armor: Leather armour    ||    12
Dodge: Dodged            ||    46
       Rpst.: Falchion   ||    16

Table legend:
 A = Spawn XP
 B = Non-spawn XP
 C = Spawn XP percentage of total XP
 D = Spawn monster count
 E = Non-spawn monster count
 F = Spawn count percentage of total count
 G = Total turns spent on level
                    A         B        C        D         E        F      G
               +---------+---------+-------+---------+---------+-------+---------
         Total |       0 |      40 |   0.0 |       0 |      19 |   0.0 |   585
               +---------+---------+-------+---------+---------+-------+---------
           D:1 |       0 |      31 |   0.0 |       0 |      13 |   0.0 |   456
           D:2 |       0 |       9 |   0.0 |       0 |       6 |   0.0 |   129
               +---------+---------+-------+---------+---------+-------+---------
